AoeStats
← MervalRaider

Arabia

516239402Analyzed
1v1 RM · 11d ago on Oct 25, 2026· 20m 19s· 2 players
Game mode
Random Map
Map size
Tiny (2 player)
Population
200
Speed
Normal
Resources
Standard
Victory
Conquest
Starting age
Dark Age
Ending age
Imperial Age
RankedLock teamsTeams togetherTeam positionsShared explorationLock speedFull tech treeHidden civsTurbo modeCheats
Victory
Defeat
🇹🇼 Magyars · Taiwan
1072
+16
vs
🇦🇷 Magyars · Argentina
1063
-16
MervalRaider
6:37 Loom
9:22 Feudal Age
10:13 Double-Bit Axe
小小財
5:46 Loom
9:06 Feudal Age
10:24 Double-Bit Axe
18:06 Horse Collar
22:58 Castle Age
Connection lost

Rejoining the realm…

Still unreachable

The connection could not be restored.

Session expired

The server has moved on; the page needs a fresh start.